3232 views
Uploaded 2020-02-24 03:28:33
Game version 1.32 / 1.32.1
22:46 long 4on4 ladder game on (8)GoldRush
Saved by Teelo
3232 views
Uploaded 2020-02-24 03:28:33
Game version 1.32 / 1.32.1
22:46 long 4on4 ladder game on (8)GoldRush


190 units @ 25.3k
/ 2.4k
89 buildings @ 12.6k
/ 5.3k


| Lesser Clarity Potion | 1 | 70 |
| total: | 1 | 70g |
| Peasant | 15 | 1125 | / | 0 |
| Rifleman | 11 | 2255 | / | 330 |
| Priest | 7 | 945 | / | 70 |
| total: | 33 | 4325g | / | 400w |
| Scout Tower | 17 | 510 | / | 340 |
| Arcane Tower | 2 | 140 | / | 100 |
| Blacksmith | 1 | 140 | / | 60 |
| Barracks | 2 | 320 | / | 120 |
| Altar of Kings | 1 | 180 | / | 50 |
| Farm | 8 | 640 | / | 160 |
| Arcane Vault | 1 | 130 | / | 30 |
| Lumber Mill | 1 | 120 | / | 0 |
| Town Hall | 1 | 385 | / | 205 |
| Arcane Sanctum | 1 | 150 | / | 140 |
| Keep | 1 | 320 | / | 210 |
| Castle | 1 | 360 | / | 210 |
| total: | 33 | 2575g | / | 1105w |
| 0:04 | Peasant |
| 0:04 | Peasant |
| 0:13 | Peasant |
| 0:33 | Blacksmith |
| 0:38 | Barracks |
| 0:42 | Altar of Kings |
| 0:43 | Peasant |
| 1:13 | Peasant |
| 1:14 | Peasant |
| 1:28 | Farm |
| 1:46 | Farm |
| 2:07 | Rifleman |
| 2:33 | Farm |
| 2:37 | Black Gunpowder |
| 2:42 | Rifleman |
| 3:12 | Peasant |
| 3:12 | Peasant |
| 3:40 | Rifleman |
| 3:47 | Holy Light |
| 4:08 | Rifleman |
| 4:08 | Rifleman |
| 4:39 | Arcane Vault |
| 4:45 | Farm |
| 4:45 | Farm |
| 5:38 | Devotion Aura |
| 5:50 | Scout Tower |
| 5:51 | Scout Tower |
| 5:56 | Keep |
| 6:04 | Lesser Clarity Potion |
| 6:32 | Arcane Tower |
| 7:40 | Rifleman |
| 7:43 | Rifleman |
| 7:52 | Arcane Tower |
| 8:57 | Rifleman |
| 9:24 | Arcane Sanctum |
| 9:30 | Lumber Mill |
| 9:59 | Siphon Mana |
| 10:09 | Farm |
| 10:13 | Farm |
| 10:18 | Peasant |
| 10:18 | Peasant |
| 10:18 | Peasant |
| 10:18 | Peasant |
| 10:19 | Peasant |
| 10:54 | Farm |
| 10:58 | Priest Adept Training |
| 11:59 | Priest |
| 11:59 | Priest |
| 12:12 | Holy Light |
| 12:43 | Priest |
| 12:43 | Priest |
| 13:07 | Refined Gunpowder |
| 13:08 | Studded Leather Armor |
| 13:11 | Rifleman |
| 13:47 | Town Hall |
| 14:27 | Priest |
| 15:23 | Castle |
| 15:27 | Barracks |
| 16:55 | Rifleman |
| 16:57 | Rifleman |
| 16:58 | Long Rifles |
| 17:00 | Priest |
| 17:01 | Priest |
| 17:06 | Peasant |
| 17:06 | Peasant |
| 17:30 | Flame Strike |
| 17:50 | Imbued Gunpowder |
| 19:11 | Priest Master Training |
| 20:41 | Reinforced Leather Armor |
| 20:47 | Scout Tower |
| 20:48 | Scout Tower |
| 20:49 | Scout Tower |
| 20:49 | Scout Tower |
| 20:50 | Scout Tower |
| 20:50 | Scout Tower |
| 20:50 | Scout Tower |
| 20:50 | Scout Tower |
| 20:51 | Scout Tower |
| 20:51 | Scout Tower |
| 20:51 | Scout Tower |
| 20:51 | Scout Tower |
| 20:52 | Scout Tower |
| 20:52 | Scout Tower |
| 20:52 | Scout Tower |
| Right click | 693 |
| Select group | 244 |
| Select | 214 |
| Misc. action | 148 |
| Build/train/purchase | 58 |
| Assign group | 48 |
| Use ability | 13 |
| Resource trade | 6 |
| Minimap ping | 3 |


| Orb of Venom | 2 | 650 |
| Moonstone | 1 | 50 |
| Scroll of Town Portal | 1 | 350 |
| total: | 4 | 1050g |
| Wisp | 22 | 1320 | / | 0 |
| Archer | 23 | 2990 | / | 230 |
| Hippogryph | 13 | 2080 | / | 260 |
| total: | 58 | 6390g | / | 490w |
| Ancient Protector | 3 | 405 | / | 240 |
| Ancient of War | 1 | 150 | / | 60 |
| Moon Well | 9 | 1620 | / | 360 |
| Altar of Elders | 2 | 360 | / | 100 |
| Hunter's Hall | 1 | 210 | / | 100 |
| Tree of Life | 2 | 680 | / | 370 |
| Ancient of Wonders | 1 | 90 | / | 30 |
| Ancient of Wind | 2 | 300 | / | 280 |
| Tree of Ages | 1 | 320 | / | 180 |
| Tree of Eternity | 1 | 330 | / | 200 |
| total: | 21 | 3815g | / | 1540w |
| 0:03 | Wisp |
| 0:04 | Wisp |
| 0:04 | Wisp |
| 0:04 | Wisp |
| 0:04 | Wisp |
| 0:04 | Wisp |
| 0:05 | Wisp |
| 0:20 | Wisp |
| 0:33 | Wisp |
| 0:49 | Ancient of War |
| 0:57 | Wisp |
| 1:02 | Moon Well |
| 1:11 | Altar of Elders |
| 1:18 | Moon Well |
| 1:47 | Moon Well |
| 1:53 | Archer |
| 2:02 | Archer |
| 2:15 | Archer |
| 2:19 | Wisp |
| 2:42 | Hunter's Hall |
| 2:53 | Archer |
| 2:59 | Wisp |
| 3:13 | Archer |
| 3:20 | Evasion |
| 3:26 | Archer |
| 3:31 | Wisp |
| 3:44 | Strength of the Moon |
| 4:19 | Tree of Life |
| 4:32 | Immolation |
| 4:45 | Tree of Ages |
| 5:01 | Moon Armor |
| 5:06 | Ultravision |
| 5:20 | Archer |
| 5:41 | Archer |
| 5:47 | Moon Well |
| 6:09 | Evasion |
| 6:11 | Archer |
| 6:11 | Archer |
| 6:34 | Wisp |
| 6:34 | Wisp |
| 6:35 | Wisp |
| 6:35 | Wisp |
| 6:42 | Wisp |
| 7:07 | Moon Well |
| 7:09 | Improved Bows |
| 7:19 | Improved Strength of the Moon |
| 7:28 | Wisp |
| 7:28 | Wisp |
| 7:31 | Wisp |
| 8:02 | Moon Well |
| 8:05 | Improved Moon Armor |
| 8:15 | Tree of Eternity |
| 8:20 | Ancient of Wind |
| 8:24 | Ancient of Wind |
| 8:30 | Ancient of Wonders |
| 8:58 | Moon Well |
| 9:00 | Moon Well |
| 9:13 | Immolation |
| 9:17 | Reinforced Hides |
| 9:24 | Nature's Blessing |
| 9:42 | Hippogryph |
| 9:43 | Hippogryph |
| 9:47 | Fan of Knives |
| 9:56 | Moon Well |
| 10:12 | Hippogryph |
| 10:49 | Marksmanship |
| 10:51 | Advanced Strength of the Moon |
| 10:55 | Ancient Protector |
| 10:58 | Wisp |
| 11:33 | Hippogryph |
| 11:35 | Archer |
| 12:32 | Advanced Moon Armor |
| 12:32 | Improved Reinforced Hides |
| 12:38 | Hippogryph |
| 12:40 | Archer |
| 13:01 | Orb of Venom |
| 13:03 | Archer |
| 13:03 | Archer |
| 13:08 | Hippogryph |
| 13:19 | Well Spring |
| 13:25 | Ancient Protector |
| 13:29 | Ancient Protector |
| 13:34 | Hippogryph |
| 13:38 | Archer |
| 13:55 | Archer |
| 13:55 | Archer |
| 14:16 | Hippogryph |
| 14:27 | Archer |
| 15:11 | Hippogryph |
| 15:27 | Moonstone |
| 15:32 | Hippogryph |
| 15:43 | Advanced Reinforced Hides |
| 15:47 | Hippogryph |
| 16:33 | Blink |
| 16:36 | Evasion |
| 17:22 | Strength of the Wild |
| 17:32 | Scroll of Town Portal |
| 17:33 | Orb of Venom |
| 17:35 | Archer |
| 17:36 | Archer |
| 17:36 | Archer |
| 17:36 | Archer |
| 17:42 | Hippogryph |
| 17:45 | Hippogryph |
| 18:03 | Archer |
| 21:33 | Tree of Life |
| 22:20 | Altar of Elders |
| Select | 303 |
| Right click | 274 |
| Build/train/purchase | 119 |
| Minimap ping | 57 |
| Use ability | 4 |
| Item give/drop | 2 |
| Remove unit | 2 |



| Healing Salve | 2 | 200 |
| Orb of Lightning | 2 | 750 |
| Scroll of Town Portal | 3 | 1050 |
| total: | 7 | 2000g |
| Peon | 13 | 975 | / | 0 |
| Grunt | 4 | 800 | / | 0 |
| Wind Rider | 23 | 6095 | / | 920 |
| Shaman | 2 | 260 | / | 40 |
| total: | 42 | 8130g | / | 960w |
| Watch Tower | 3 | 330 | / | 240 |
| Altar of Storms | 1 | 180 | / | 50 |
| Orc Burrow | 7 | 1120 | / | 280 |
| Barracks | 1 | 180 | / | 50 |
| Voodoo Lounge | 1 | 130 | / | 30 |
| War Mill | 1 | 205 | / | 0 |
| Great Hall | 2 | 770 | / | 370 |
| Beastiary | 2 | 290 | / | 280 |
| Spirit Lodge | 2 | 300 | / | 300 |
| Stronghold | 1 | 315 | / | 190 |
| Fortress | 1 | 325 | / | 190 |
| total: | 20 | 3505g | / | 1600w |
| 0:06 | Altar of Storms |
| 0:08 | Peon |
| 0:08 | Peon |
| 0:12 | Orc Burrow |
| 0:32 | Peon |
| 0:54 | Peon |
| 1:06 | Barracks |
| 1:11 | Peon |
| 1:27 | Voodoo Lounge |
| 1:31 | Peon |
| 1:51 | Orc Burrow |
| 1:56 | Peon |
| 2:17 | Wind Walk |
| 2:19 | Grunt |
| 2:56 | Stronghold |
| 3:11 | Grunt |
| 3:39 | War Mill |
| 3:53 | Grunt |
| 3:59 | Healing Salve |
| 4:16 | Orc Burrow |
| 4:37 | Grunt |
| 5:27 | Great Hall |
| 5:35 | Critical Strike |
| 6:08 | Watch Tower |
| 6:17 | Beastiary |
| 6:34 | Beastiary |
| 6:56 | Spiked Barricades |
| 7:03 | War Stomp |
| 7:14 | Orc Burrow |
| 7:29 | Wind Rider |
| 8:03 | Watch Tower |
| 8:09 | Wind Rider |
| 8:27 | Orc Burrow |
| 9:12 | Endurance Aura |
| 9:18 | Wind Rider |
| 9:22 | Wind Rider |
| 9:26 | Orc Burrow |
| 9:39 | Peon |
| 9:39 | Peon |
| 9:40 | Peon |
| 9:40 | Peon |
| 10:34 | Fortress |
| 10:47 | Wind Rider |
| 10:59 | Wind Rider |
| 11:14 | Orc Burrow |
| 11:22 | Mirror Image |
| 11:34 | Wind Rider |
| 11:36 | Wind Rider |
| 11:50 | Healing Salve |
| 12:12 | Scroll of Town Portal |
| 12:35 | Spirit Lodge |
| 12:38 | Wind Rider |
| 13:06 | Peon |
| 14:12 | Shaman Adept Training |
| 14:19 | Peon |
| 14:26 | Wind Rider |
| 14:27 | Wind Rider |
| 14:33 | Scroll of Town Portal |
| 14:37 | Healing Wave |
| 14:56 | Orb of Lightning |
| 15:04 | Envenomed Spears |
| 15:16 | Wind Rider |
| 15:29 | Wind Rider |
| 16:42 | Wind Rider |
| 16:54 | Hex |
| 17:06 | Spirit Lodge |
| 17:32 | Wind Rider |
| 17:50 | Watch Tower |
| 18:17 | Wind Rider |
| 18:39 | Scroll of Town Portal |
| 18:40 | Orb of Lightning |
| 18:44 | Wind Rider |
| 18:50 | Wind Rider |
| 19:25 | Wind Rider |
| 19:27 | Wind Rider |
| 20:12 | Wind Rider |
| 20:18 | Critical Strike |
| 20:26 | War Stomp |
| 20:37 | Shaman Master Training |
| 21:31 | Wind Rider |
| 21:32 | Wind Rider |
| 21:33 | Shaman |
| 22:14 | Great Hall |
| 22:32 | Shaman |
| Select | 250 |
| Misc. action | 109 |
| Build/train/purchase | 106 |
| Use ability | 49 |
| Minimap ping | 28 |
| Right click | 5 |
| Item give/drop | 3 |


| Boots of Speed | 1 | 250 |
| total: | 1 | 250g |
| Wisp | 19 | 1140 | / | 0 |
| Archer | 25 | 3250 | / | 250 |
| Hippogryph | 13 | 2080 | / | 260 |
| total: | 57 | 6470g | / | 510w |
| Moon Well | 7 | 1260 | / | 280 |
| Altar of Elders | 1 | 180 | / | 50 |
| Ancient of War | 2 | 300 | / | 120 |
| Ancient of Wonders | 1 | 90 | / | 30 |
| Hunter's Hall | 1 | 210 | / | 100 |
| Tree of Life | 1 | 340 | / | 185 |
| Ancient of Wind | 2 | 300 | / | 280 |
| Tree of Ages | 1 | 320 | / | 180 |
| Tree of Eternity | 2 | 660 | / | 400 |
| total: | 15 | 2680g | / | 1045w |
| 0:02 | Wisp |
| 0:08 | Moon Well |
| 0:15 | Altar of Elders |
| 0:17 | Wisp |
| 0:28 | Wisp |
| 0:41 | Wisp |
| 0:52 | Ancient of War |
| 1:05 | Wisp |
| 1:05 | Wisp |
| 1:27 | Wisp |
| 1:30 | Wisp |
| 1:30 | Wisp |
| 1:39 | Moon Well |
| 1:54 | Archer |
| 2:23 | Ancient of Wonders |
| 2:38 | Force of Nature |
| 2:45 | Archer |
| 2:48 | Archer |
| 2:56 | Moon Well |
| 3:00 | Wisp |
| 3:14 | Archer |
| 4:03 | Archer |
| 4:04 | Tree of Ages |
| 4:10 | Hunter's Hall |
| 4:17 | Entangling Roots |
| 4:27 | Tree of Life |
| 4:57 | Archer |
| 4:59 | Archer |
| 5:16 | Strength of the Moon |
| 6:05 | Boots of Speed |
| 6:18 | Archer |
| 6:19 | Moon Armor |
| 6:39 | Entangling Roots |
| 6:49 | Improved Bows |
| 6:52 | Wisp |
| 6:52 | Wisp |
| 6:54 | Wisp |
| 6:54 | Wisp |
| 6:55 | Wisp |
| 6:55 | Wisp |
| 6:55 | Wisp |
| 7:10 | Ancient of Wind |
| 7:48 | Improved Strength of the Moon |
| 7:55 | Ancient of Wind |
| 8:01 | Tree of Eternity |
| 8:05 | Improved Moon Armor |
| 9:01 | Tree of Eternity |
| 9:05 | Hippogryph |
| 9:16 | Moon Well |
| 9:19 | Moon Well |
| 9:20 | Wisp |
| 9:21 | Wisp |
| 9:37 | Hippogryph |
| 10:16 | Hippogryph |
| 10:18 | Hippogryph |
| 10:23 | Archer |
| 10:23 | Archer |
| 11:16 | Thorns Aura |
| 12:40 | Hippogryph |
| 12:41 | Advanced Strength of the Moon |
| 12:42 | Marksmanship |
| 12:43 | Advanced Moon Armor |
| 12:44 | Well Spring |
| 14:06 | Hippogryph |
| 14:07 | Archer |
| 14:07 | Archer |
| 14:26 | Trueshot Aura |
| 14:38 | Moon Well |
| 14:42 | Moon Well |
| 14:53 | Archer |
| 14:55 | Hippogryph |
| 15:26 | Ultravision |
| 15:31 | Strength of the Wild |
| 15:33 | Reinforced Hides |
| 16:18 | Entangling Roots |
| 17:16 | Nature's Blessing |
| 17:25 | Searing Arrows |
| 19:01 | Hippogryph |
| 19:02 | Archer |
| 19:02 | Archer |
| 19:03 | Hippogryph |
| 19:04 | Archer |
| 19:05 | Archer |
| 19:06 | Hippogryph |
| 19:07 | Archer |
| 19:07 | Archer |
| 19:39 | Trueshot Aura |
| 20:44 | Tranquility |
| 21:07 | Searing Arrows |
| 21:19 | Archer |
| 21:19 | Archer |
| 21:19 | Archer |
| 21:21 | Archer |
| 21:22 | Hippogryph |
| 21:23 | Hippogryph |
| 21:23 | Hippogryph |
| 21:24 | Archer |
| 21:25 | Archer |
| 21:52 | Ancient of War |
| Right click | 566 |
| Select | 291 |
| Select group | 116 |
| Build/train/purchase | 101 |
| Use ability | 33 |
| Assign group | 24 |
| Misc. action | 9 |
| Minimap ping | 3 |
| Remove unit | 1 |
262 units @ 33.6k
/ 3.8k
83 buildings @ 13.2k
/ 5.3k


| Lesser Clarity Potion | 2 | 140 |
| Anti-magic Potion | 2 | 200 |
| Staff of Preservation | 2 | 300 |
| Potion of Lesser Invulnerability | 1 | 150 |
| Boots of Speed | 1 | 250 |
| total: | 8 | 1040g |
| Wisp | 32 | 1920 | / | 0 |
| Archer | 33 | 4290 | / | 330 |
| Druid of the Talon | 1 | 145 | / | 20 |
| Hippogryph | 31 | 4960 | / | 620 |
| Huntress | 1 | 195 | / | 20 |
| total: | 98 | 11510g | / | 990w |
| Ancient of War | 2 | 300 | / | 120 |
| Altar of Elders | 1 | 180 | / | 50 |
| Moon Well | 7 | 1260 | / | 280 |
| Tree of Life | 2 | 680 | / | 370 |
| Ancient of Wonders | 1 | 90 | / | 30 |
| Hunter's Hall | 1 | 210 | / | 100 |
| Ancient of Wind | 2 | 300 | / | 280 |
| Tree of Ages | 2 | 640 | / | 360 |
| Tree of Eternity | 1 | 330 | / | 200 |
| total: | 16 | 3020g | / | 1230w |
| 0:02 | Wisp |
| 0:03 | Wisp |
| 0:09 | Ancient of War |
| 0:13 | Altar of Elders |
| 0:28 | Moon Well |
| 0:30 | Wisp |
| 0:30 | Wisp |
| 0:44 | Wisp |
| 0:58 | Wisp |
| 1:07 | Wisp |
| 1:20 | Archer |
| 1:34 | Moon Well |
| 1:41 | Archer |
| 1:42 | Archer |
| 1:46 | Wisp |
| 1:46 | Wisp |
| 1:54 | Wisp |
| 2:16 | Force of Nature |
| 2:25 | Wisp |
| 2:26 | Archer |
| 2:27 | Wisp |
| 2:52 | Archer |
| 2:53 | Wisp |
| 3:10 | Tree of Life |
| 3:26 | Archer |
| 3:30 | Wisp |
| 3:30 | Wisp |
| 3:45 | Wisp |
| 3:55 | Entangling Roots |
| 4:03 | Tree of Ages |
| 4:16 | Ancient of Wonders |
| 4:31 | Moon Well |
| 5:28 | Archer |
| 5:36 | Hunter's Hall |
| 5:55 | Archer |
| 5:55 | Archer |
| 6:17 | Wisp |
| 6:17 | Wisp |
| 6:19 | Wisp |
| 6:32 | Healing Spray |
| 6:35 | Entangling Roots |
| 6:50 | Tree of Eternity |
| 6:52 | Wisp |
| 6:52 | Wisp |
| 7:00 | Strength of the Moon |
| 7:02 | Improved Bows |
| 7:19 | Ancient of Wind |
| 7:26 | Wisp |
| 7:26 | Wisp |
| 7:45 | Archer |
| 7:52 | Moon Well |
| 7:55 | Ancient of Wind |
| 7:59 | Chemical Rage |
| 8:16 | Archer |
| 8:25 | Wisp |
| 8:25 | Wisp |
| 8:25 | Wisp |
| 8:25 | Wisp |
| 8:45 | Moon Well |
| 8:54 | Druid of the Talon |
| 8:55 | Hippogryph |
| 8:58 | Hippogryph |
| 8:58 | Hippogryph |
| 9:00 | Wisp |
| 9:16 | Well Spring |
| 9:17 | Marksmanship |
| 9:19 | Wisp |
| 9:19 | Wisp |
| 9:20 | Wisp |
| 9:22 | Wisp |
| 9:27 | Hippogryph |
| 9:35 | Moon Well |
| 9:39 | Moon Well |
| 9:44 | Lesser Clarity Potion |
| 9:45 | Lesser Clarity Potion |
| 9:48 | Anti-magic Potion |
| 10:01 | Staff of Preservation |
| 10:14 | Improved Strength of the Moon |
| 10:15 | Hippogryph |
| 10:17 | Hippogryph |
| 10:18 | Hippogryph |
| 10:49 | Hippogryph |
| 11:39 | Archer |
| 11:41 | Huntress |
| 11:43 | Hippogryph |
| 11:57 | Force of Nature |
| 11:58 | Archer |
| 11:59 | Hippogryph |
| 12:14 | Healing Spray |
| 12:30 | Archer |
| 12:31 | Archer |
| 12:33 | Ancient of War |
| 12:36 | Advanced Strength of the Moon |
| 12:46 | Staff of Preservation |
| 12:46 | Anti-magic Potion |
| 13:00 | Archer |
| 13:05 | Archer |
| 13:07 | Hippogryph |
| 13:09 | Hippogryph |
| 13:16 | Potion of Lesser Invulnerability |
| 13:27 | Boots of Speed |
| 13:46 | Archer |
| 13:46 | Archer |
| 14:02 | Archer |
| 14:11 | Moon Armor |
| 14:20 | Hippogryph |
| 14:20 | Hippogryph |
| 14:33 | Hippogryph |
| 15:01 | Hippogryph |
| 15:03 | Hippogryph |
| 15:13 | Archer |
| 15:24 | Improved Moon Armor |
| 16:25 | Archer |
| 16:26 | Hippogryph |
| 17:00 | Tree of Life |
| 17:03 | Hippogryph |
| 17:06 | Hippogryph |
| 17:06 | Hippogryph |
| 17:29 | Archer |
| 17:30 | Archer |
| 17:51 | Hippogryph |
| 17:53 | Hippogryph |
| 18:10 | Hippogryph |
| 18:25 | Archer |
| 19:06 | Archer |
| 19:19 | Archer |
| 19:44 | Chemical Rage |
| 19:46 | Entangling Roots |
| 19:52 | Hippogryph |
| 20:19 | Hippogryph |
| 20:55 | Archer |
| 20:55 | Archer |
| 21:40 | Archer |
| 21:43 | Hippogryph |
| 21:44 | Advanced Moon Armor |
| 21:54 | Archer |
| 21:54 | Archer |
| 22:09 | Healing Spray |
| 22:32 | Archer |
| 22:33 | Hippogryph |
| 22:33 | Hippogryph |
| 22:44 | Hippogryph |
| 22:44 | Hippogryph |
| Select group | 1243 |
| Right click | 975 |
| Select | 414 |
| Build/train/purchase | 151 |
| Assign group | 94 |
| Misc. action | 55 |
| Use ability | 50 |
| Esc | 5 |
| Chat | 5 |
| Item give/drop | 4 |


| Orb of Corruption | 1 | 375 |
| Potion of Healing | 1 | 150 |
| total: | 2 | 525g |
| Acolyte | 14 | 1050 | / | 0 |
| Ghoul | 14 | 1680 | / | 0 |
| Crypt Fiend | 7 | 1505 | / | 280 |
| Necromancer | 2 | 290 | / | 40 |
| Meat Wagon | 1 | 230 | / | 50 |
| Banshee | 1 | 155 | / | 30 |
| Obsidian Statue | 2 | 400 | / | 70 |
| Abomination | 3 | 720 | / | 210 |
| total: | 44 | 6030g | / | 680w |
| Spirit Tower | 7 | 1015 | / | 280 |
| Nerubian Tower | 1 | 100 | / | 20 |
| Crypt | 1 | 200 | / | 50 |
| Altar of Darkness | 1 | 180 | / | 50 |
| Ziggurat | 12 | 1800 | / | 600 |
| Graveyard | 1 | 215 | / | 0 |
| Tomb of Relics | 1 | 130 | / | 30 |
| Slaughterhouse | 3 | 420 | / | 405 |
| Temple of the Damned | 2 | 310 | / | 280 |
| Halls of the Dead | 2 | 640 | / | 420 |
| Black Citadel | 1 | 325 | / | 230 |
| total: | 21 | 3255g | / | 1415w |
| 0:06 | Acolyte |
| 0:06 | Acolyte |
| 0:09 | Crypt |
| 0:11 | Altar of Darkness |
| 0:36 | Ziggurat |
| 0:56 | Ziggurat |
| 1:13 | Ghoul |
| 1:32 | Ghoul |
| 1:50 | Ghoul |
| 2:09 | Ghoul |
| 2:15 | Acolyte |
| 2:15 | Acolyte |
| 2:15 | Acolyte |
| 2:20 | Acolyte |
| 2:21 | Acolyte |
| 2:32 | Ghoul |
| 2:32 | Ghoul |
| 2:55 | Death Coil |
| 3:01 | Cannibalize |
| 3:01 | Ghoul |
| 3:48 | Unholy Aura |
| 4:17 | Ziggurat |
| 5:07 | Graveyard |
| 5:14 | Ghoul |
| 5:14 | Ghoul |
| 5:14 | Ghoul |
| 5:14 | Ghoul |
| 5:19 | Halls of the Dead |
| 5:53 | Ghoul |
| 5:54 | Ghoul |
| 6:34 | Ghoul |
| 6:46 | Unholy Aura |
| 7:05 | Ziggurat |
| 7:06 | Ziggurat |
| 7:08 | Ziggurat |
| 7:08 | Ziggurat |
| 7:12 | Ziggurat |
| 7:35 | Unholy Armor |
| 7:35 | Unholy Strength |
| 7:43 | Web |
| 7:44 | Crypt Fiend |
| 7:47 | Crypt Fiend |
| 8:03 | Acolyte |
| 8:46 | Slaughterhouse |
| 8:48 | Slaughterhouse |
| 8:49 | Slaughterhouse |
| 8:52 | Temple of the Damned |
| 8:54 | Temple of the Damned |
| 8:56 | Ziggurat |
| 9:01 | Spirit Tower |
| 9:03 | Crypt Fiend |
| 9:07 | Creature Carapace |
| 9:10 | Carrion Beetles |
| 9:31 | Ziggurat |
| 9:41 | Burrow |
| 9:45 | Creature Attack |
| 9:59 | Spirit Tower |
| 10:09 | Nerubian Tower |
| 10:16 | Spirit Tower |
| 11:04 | Acolyte |
| 11:36 | Crypt Fiend |
| 12:32 | Necromancer Adept Training |
| 12:33 | Necromancer |
| 12:38 | Exhume Corpses |
| 12:41 | Meat Wagon |
| 12:44 | Black Citadel |
| 12:47 | Tomb of Relics |
| 12:54 | Improved Creature Carapace |
| 13:22 | Necromancer |
| 13:25 | Banshee |
| 13:36 | Crypt Fiend |
| 13:36 | Crypt Fiend |
| 13:37 | Crypt Fiend |
| 14:20 | Orb of Corruption |
| 14:24 | Potion of Healing |
| 14:33 | Obsidian Statue |
| 15:07 | Abomination |
| 15:33 | Ziggurat |
| 15:34 | Ziggurat |
| 17:06 | Spirit Tower |
| 17:19 | Spiked Carapace |
| 17:34 | Acolyte |
| 17:34 | Acolyte |
| 17:34 | Acolyte |
| 17:37 | Acolyte |
| 17:38 | Acolyte |
| 18:49 | Death Coil |
| 19:09 | Abomination |
| 19:52 | Spiked Carapace |
| 20:31 | Unholy Aura |
| 21:09 | Carrion Beetles |
| 21:49 | Obsidian Statue |
| 21:52 | Abomination |
| Right click | 802 |
| Select group | 559 |
| Select | 319 |
| Misc. action | 133 |
| Build/train/purchase | 113 |
| Use ability | 44 |
| Assign group | 34 |
| Chat | 20 |
| Remove unit | 1 |
| Minimap ping | 1 |

| Rod of Necromancy | 1 | 150 |
| Sacrificial Skull | 1 | 50 |
| Potion of Healing | 1 | 150 |
| Scroll of Town Portal | 1 | 350 |
| total: | 4 | 700g |
| Acolyte | 14 | 1050 | / | 0 |
| Ghoul | 6 | 720 | / | 0 |
| Crypt Fiend | 5 | 1075 | / | 200 |
| Obsidian Statue | 1 | 200 | / | 35 |
| Abomination | 10 | 2400 | / | 700 |
| total: | 36 | 5445g | / | 935w |
| Nerubian Tower | 5 | 500 | / | 100 |
| Spirit Tower | 8 | 1160 | / | 320 |
| Altar of Darkness | 1 | 180 | / | 50 |
| Ziggurat | 12 | 1800 | / | 600 |
| Crypt | 2 | 400 | / | 100 |
| Graveyard | 1 | 215 | / | 0 |
| Tomb of Relics | 2 | 260 | / | 60 |
| Necropolis | 2 | 450 | / | 0 |
| Slaughterhouse | 3 | 420 | / | 405 |
| Sacrificial Pit | 1 | 75 | / | 150 |
| Halls of the Dead | 3 | 960 | / | 630 |
| Black Citadel | 2 | 650 | / | 460 |
| total: | 24 | 3800g | / | 1365w |
| 0:04 | Acolyte |
| 0:04 | Acolyte |
| 0:13 | Altar of Darkness |
| 0:16 | Ziggurat |
| 0:36 | Crypt |
| 0:40 | Crypt |
| 0:56 | Ziggurat |
| 1:13 | Nerubian Tower |
| 1:28 | Graveyard |
| 1:42 | Ghoul |
| 1:53 | Ghoul |
| 2:07 | Ghoul |
| 2:16 | Carrion Swarm |
| 2:22 | Ziggurat |
| 2:34 | Ghoul |
| 3:24 | Tomb of Relics |
| 3:36 | Crypt Fiend |
| 3:46 | Spirit Tower |
| 3:50 | Ziggurat |
| 4:12 | Acolyte |
| 4:25 | Crypt Fiend |
| 4:52 | Halls of the Dead |
| 5:12 | Crypt Fiend |
| 5:27 | Nerubian Tower |
| 5:33 | Rod of Necromancy |
| 5:34 | Sacrificial Skull |
| 6:10 | Vampiric Aura |
| 6:26 | Creature Attack |
| 6:46 | Spirit Tower |
| 6:58 | Creature Carapace |
| 7:00 | Unholy Strength |
| 7:00 | Unholy Armor |
| 7:06 | Ziggurat |
| 7:20 | Burrow |
| 7:33 | Acolyte |
| 7:33 | Acolyte |
| 7:33 | Acolyte |
| 7:34 | Acolyte |
| 7:34 | Acolyte |
| 7:40 | Ziggurat |
| 8:03 | Potion of Healing |
| 8:12 | Ziggurat |
| 8:17 | Slaughterhouse |
| 8:38 | Spirit Tower |
| 8:40 | Ziggurat |
| 8:54 | Black Citadel |
| 9:02 | Spirit Tower |
| 9:07 | Nerubian Tower |
| 9:07 | Nerubian Tower |
| 9:22 | Slaughterhouse |
| 9:34 | Spirit Tower |
| 9:37 | Obsidian Statue |
| 9:42 | Slaughterhouse |
| 10:00 | Vampiric Aura |
| 10:42 | Improved Unholy Strength |
| 11:05 | Sacrificial Pit |
| 11:08 | Ziggurat |
| 11:18 | Abomination |
| 11:22 | Crypt Fiend |
| 11:24 | Web |
| 11:41 | Abomination |
| 12:10 | Abomination |
| 12:31 | Ghoul |
| 12:31 | Ghoul |
| 12:33 | Acolyte |
| 12:44 | Spirit Tower |
| 12:53 | Abomination |
| 13:12 | Tomb of Relics |
| 13:34 | Carrion Swarm |
| 13:48 | Abomination |
| 14:15 | Crypt Fiend |
| 14:34 | Acolyte |
| 15:01 | Necropolis |
| 15:06 | Ziggurat |
| 15:07 | Ziggurat |
| 15:22 | Acolyte |
| 15:23 | Acolyte |
| 15:23 | Acolyte |
| 15:23 | Acolyte |
| 15:29 | Advanced Unholy Strength |
| 16:20 | Abomination |
| 16:20 | Disease Cloud |
| 16:33 | Improved Unholy Armor |
| 17:12 | Abomination |
| 17:16 | Scroll of Town Portal |
| 17:29 | Spirit Tower |
| 17:37 | Improved Creature Attack |
| 18:07 | Abomination |
| 18:41 | Carrion Swarm |
| 19:05 | Advanced Unholy Armor |
| 19:30 | Advanced Creature Attack |
| 19:31 | Improved Creature Carapace |
| 20:07 | Abomination |
| 20:25 | Inferno |
| 20:55 | Necropolis |
| 21:22 | Cannibalize |
| 22:18 | Abomination |
| 22:21 | Vampiric Aura |
| 22:39 | Ziggurat |
| Select group | 454 |
| Right click | 318 |
| Select | 220 |
| Assign group | 147 |
| Misc. action | 114 |
| Build/train/purchase | 107 |
| Chat | 43 |
| Use ability | 26 |
| Esc | 6 |
| Minimap ping | 4 |
| Remove unit | 3 |
| Item give/drop | 2 |


| Scroll of Regeneration | 1 | 100 |
| Orb of Fire | 1 | 325 |
| Scroll of Town Portal | 1 | 350 |
| total: | 3 | 775g |
| Peasant | 32 | 2400 | / | 0 |
| Footman | 9 | 1215 | / | 0 |
| Rifleman | 21 | 4305 | / | 630 |
| Priest | 9 | 1215 | / | 90 |
| Flying Machine | 11 | 1100 | / | 330 |
| Siege Engine | 2 | 390 | / | 120 |
| total: | 84 | 10625g | / | 1170w |
| Scout Tower | 1 | 30 | / | 20 |
| Arcane Tower | 1 | 70 | / | 50 |
| Altar of Kings | 1 | 180 | / | 50 |
| Barracks | 1 | 160 | / | 60 |
| Farm | 10 | 800 | / | 200 |
| Town Hall | 3 | 1155 | / | 615 |
| Blacksmith | 1 | 140 | / | 60 |
| Arcane Vault | 1 | 130 | / | 30 |
| Lumber Mill | 2 | 240 | / | 0 |
| Arcane Sanctum | 1 | 150 | / | 140 |
| Workshop | 1 | 140 | / | 140 |
| Keep | 1 | 320 | / | 210 |
| Castle | 1 | 360 | / | 210 |
| total: | 22 | 3125g | / | 1315w |
| 0:04 | Altar of Kings |
| 0:05 | Peasant |
| 0:06 | Peasant |
| 0:06 | Peasant |
| 0:23 | Barracks |
| 0:31 | Peasant |
| 0:38 | Farm |
| 0:52 | Farm |
| 0:57 | Peasant |
| 1:09 | Peasant |
| 1:20 | Peasant |
| 1:26 | Footman |
| 1:38 | Farm |
| 1:46 | Scout Tower |
| 1:52 | Footman |
| 1:59 | Peasant |
| 2:14 | Farm |
| 2:16 | Arcane Tower |
| 2:27 | Summon Water Elemental |
| 2:31 | Footman |
| 2:49 | Footman |
| 2:55 | Peasant |
| 3:36 | Town Hall |
| 3:47 | Peasant |
| 3:51 | Footman |
| 4:15 | Footman |
| 4:38 | Keep |
| 4:57 | Blizzard |
| 5:01 | Footman |
| 5:06 | Blacksmith |
| 5:24 | Arcane Vault |
| 5:30 | Lumber Mill |
| 5:43 | Footman |
| 5:55 | Footman |
| 6:00 | Farm |
| 6:05 | Farm |
| 6:08 | Farm |
| 7:22 | Summon Water Elemental |
| 7:30 | Rifleman |
| 7:32 | Rifleman |
| 7:42 | Peasant |
| 7:42 | Peasant |
| 7:42 | Peasant |
| 7:58 | Farm |
| 7:59 | Rifleman |
| 8:30 | Arcane Sanctum |
| 8:40 | Improved Lumber Harvesting |
| 8:42 | Rifleman |
| 8:46 | Peasant |
| 9:14 | Storm Bolt |
| 9:26 | Rifleman |
| 9:29 | Rifleman |
| 9:48 | Town Hall |
| 9:55 | Rifleman |
| 10:23 | Rifleman |
| 10:25 | Black Gunpowder |
| 10:29 | Priest |
| 10:35 | Workshop |
| 11:01 | Thunder Clap |
| 11:29 | Blizzard |
| 11:41 | Peasant |
| 11:41 | Peasant |
| 11:42 | Peasant |
| 11:56 | Rifleman |
| 11:57 | Rifleman |
| 12:00 | Castle |
| 12:01 | Priest Adept Training |
| 12:28 | Rifleman |
| 12:39 | Refined Gunpowder |
| 12:42 | Flak Cannons |
| 12:45 | Farm |
| 13:14 | Priest |
| 13:16 | Peasant |
| 13:16 | Peasant |
| 13:16 | Peasant |
| 13:38 | Flying Machine |
| 13:40 | Priest |
| 13:41 | Flying Machine |
| 14:03 | Storm Bolt |
| 14:22 | Peasant |
| 14:22 | Peasant |
| 14:22 | Peasant |
| 14:23 | Peasant |
| 14:30 | Priest Master Training |
| 14:32 | Flying Machine Bombs |
| 14:32 | Flying Machine |
| 14:35 | Peasant |
| 14:52 | Flying Machine |
| 14:54 | Rifleman |
| 14:59 | Scroll of Regeneration |
| 15:27 | Town Hall |
| 15:29 | Peasant |
| 15:32 | Peasant |
| 15:40 | Long Rifles |
| 16:08 | Flying Machine |
| 16:10 | Imbued Gunpowder |
| 16:12 | Flying Machine |
| 16:29 | Flying Machine |
| 16:31 | Priest |
| 16:33 | Advanced Lumber Harvesting |
| 16:36 | Lumber Mill |
| 17:17 | Rifleman |
| 17:18 | Priest |
| 17:20 | Flying Machine |
| 17:24 | Farm |
| 18:40 | Rifleman |
| 18:40 | Rifleman |
| 18:40 | Rifleman |
| 18:41 | Priest |
| 18:41 | Priest |
| 18:41 | Priest |
| 18:42 | Flying Machine |
| 18:43 | Flying Machine |
| 18:43 | Flying Machine |
| 18:44 | Rifleman |
| 18:44 | Rifleman |
| 19:28 | Priest |
| 19:52 | Summon Water Elemental |
| 20:31 | Rifleman |
| 20:31 | Rifleman |
| 20:34 | Scroll of Town Portal |
| 20:35 | Orb of Fire |
| 20:48 | Barrage |
| 20:48 | Siege Engine |
| 20:53 | Peasant |
| 20:53 | Peasant |
| 20:53 | Peasant |
| 20:53 | Peasant |
| 21:10 | Siege Engine |
| 21:28 | Peasant |
| 21:32 | Studded Leather Armor |
| 21:45 | Rifleman |
| 22:14 | Thunder Clap |
| Right click | 913 |
| Select | 427 |
| Build/train/purchase | 165 |
| Select group | 19 |
| Use ability | 9 |
| Chat | 6 |
| Assign group | 4 |
| Minimap ping | 2 |
| Item give/drop | 1 |
⇛